 Dungeon Crawl Stone Soup version 0.24-a0-274-gb3763e6 (webtiles) character file.

Game seed: 8296172633939282686

51 TheOvate the Grave Robber (level 3, 0/19 HPs)
             Began as a Deep Elf Necromancer on Apr 26, 2019.
             Killed from afar by Natasha (6 damage)
             ... with a magic dart
             ... on level 2 of the Dungeon.
             The game lasted 00:03:10 (1234 turns).

TheOvate the Grave Robber (Deep Elf Necromancer)    Turns: 1234, Time: 00:03:11

Health: 0/19       AC:  3    Str:  5    XL:     3   Next: 57%
Magic:  5/9        EV: 13    Int: 20    God:
Gold:   45         SH:  0    Dex: 15    Spells: 7/8 levels left

rFire    . . .     SeeInvis .   k - +1 flail (protect)
rCold    . . .     Gourm    .   (no shield)
rNeg     . . .     Faith    .   a - +0 robe
rPois    .         Spirit   .   e - +0 helmet
rElec    .         Reflect  .   (no cloak)
rCorr    .         Harm     .   (no gloves)
MR       .....                  (no boots)
Stlth    ++........             (no amulet)
HPRegen  0.06/turn              (no ring)
MPRegen  0.11/turn              (no ring)

@: slowed, very slow
A: no striking features
a: no special abilities


You were on level 2 of the Dungeon.
You were not hungry.

You visited 1 branch of the dungeon, and saw 2 of its levels.

You collected 45 gold pieces.

Inventory:

Hand Weapons
 b - a +0 dagger
 k - a +1 flail of protection (weapon)
Armour
 a - a +0 robe (worn)
 e - a +0 helmet (worn)
Scrolls
 d - a scroll of amnesia {unknown}
 f - a scroll of fog {unknown}
 g - 2 scrolls of teleportation {unknown}
 h - a scroll of enchant weapon {unknown}
 i - 3 scrolls of blinking {unknown}
Comestibles
 c - 4 rations


   Skills:
 + Level 0.1 Short Blades
 + Level 2.4 Dodging
 + Level 3.0 Stealth
 + Level 3.4 Spellcasting
 + Level 5.9 Necromancy


You had 7 spell levels left.
You knew the following spells:

 Your Spells              Type           Power        Failure   Level  Hunger
a - Pain                  Necr           ####         1%          1    None

Your spell library contained the following spells:

 Spells                   Type           Power        Failure   Level  Hunger
 Animate Skeleton         Necr           N/A          1%          1    None
 Vampiric Draining        Necr           ####......   3%          3    ###....
 Regeneration             Chrm/Necr      ###.......   12%         3    ###....
 Animate Dead             Necr           N/A          12%         4    ####...


Dungeon Overview and Level Annotations

Branches:
Dungeon (2/15)

Altars:
Uskayaw

Annotations:
D:2 Natasha


Message History

Aiming: Pain (safe; 1% risk of failure)
Press: ? - help, Shift-Dir - straight line, f - Natasha
Aim: Natasha (lightly wounded, chance to defeat MR: 84%) Natasha writhes in agony.
Natasha closely misses you.
Casting: Pain (safe; 1% risk of failure)
Confirm with . or Enter, or press ? or * to list all spells.
Aiming: Pain (safe; 1% risk of failure)
Press: ? - help, Shift-Dir - straight line, f/p - Natasha
Aim: Natasha (moderately wounded, chance to defeat MR: 84%) Natasha writhes in agony.
Natasha mumbles some strange words.
Natasha shimmers violently.
Natasha claws you. Natasha misses you.
You barely miss Natasha.
Natasha is heavily wounded.
The white imp disappears in a puff of smoke!
Natasha barely misses you. Natasha casts a spell at you.
The magic dart hits you.
You die...

# ###.......... #. #..........
#. #§.........
#.###+###..........
#####......g...........
........§.............#
######gg############## ##h#
###@########## #.............
############..>..........
#..........#..............#
###..........#..............#
..#........^.#..............#
..#..........#..............##
..#..........######..........##
..#..........# #............


You could see Natasha and 2 goblins.

Vanquished Creatures
  3 adders (D:2)
  2 leopard geckos
  4 giant cockroaches
  6 goblins
  A hobgoblin (D:1)
  4 bats
  A frilled lizard (D:2)
  A kobold (D:1)
  2 rats
24 creatures vanquished.

Notes
Turn   | Place    | Note
-------+----------+-------------------------------------------
     0 | D:1      | TheOvate the Deep Elf Necromancer began the quest for the
                  | Orb.
     0 | D:1      | Reached XP level 1. HP: 10/10 MP: 6/6
   101 | D:1      | Reached skill level 5 in Necromancy
   356 | D:1      | Reached XP level 2. HP: 15/15 MP: 6/8
   920 | D:2      | Noticed a +0 hand axe
   921 | D:2      | Noticed a +0 hand axe
   923 | D:2      | Found a hide-covered altar of Uskayaw.
   956 | D:2      | Reached XP level 3. HP: 11/19 MP: 4/9
  1208 | D:2      | Noticed Natasha
  1234 | D:2      | Killed from afar by Natasha

Levels and vault maps discovered:
D:1:      dpeg_arrival_chambers_temple_mockup, layout_loops_ring
D:2:      layout_basic, dancing_weapons_uskayaw, lemuel_doored_altar,
          chequers_garden, uniq_natasha

Skill      XL: |  1  2 |
---------------+-------+-----
Necromancy     | 5 |  5.9
Stealth        | 3 |  3.0
Short Blades   | |  0.1
Dodging        | |  2.4
Spellcasting   | |  3.4

Action                   || total
-------------------------++-------
Melee: Dagger            ||    31
       Flail             ||     9
 Cast: Pain              ||    25
  Use: Potion            ||     1
 Stab: Sleeping          ||     5
  Eat: Chunk             ||     1
Armor: Robe              ||    20
Dodge: Dodged            ||    48

Table legend:
 A = Non-vault XP
 B = Vault XP
 C = Vault XP percentage of total XP
 D = Non-vault monster count
 E = Vault monster count
 F = Vault count percentage of total count
                 A         B        C        D         E       F
            +---------+---------+-------+---------+---------+-------
      Total |      73 |       0 |   0.0 |      24 |       0 |   0.0
            +---------+---------+-------+---------+---------+-------
        D:1 |      23 |       0 |   0.0 |      14 |       0 |   0.0
        D:2 |      50 |       0 |   0.0 |      10 |       0 |   0.0
            +---------+---------+-------+---------+---------+-------
